elenmirie, neutral female gnomish Cavewoman --- |<..--- |.....---- -..|....| -.|-.....---- .......| -.|....| .-- --- ..| ...|....%-- ..| .....u...[.. -......---....@. |........| |.u ----....-- .. @ | @ . elenmirie the Aborigine Experience level: 4 Strength: 18/02 Dexterity: 12 Constitution: 18 Intelligence: 7 Wisdom: 9 Charisma: 9 Health: 0(42) Energy: 17(17) Def: 8 Gold: 653 Moves: 1872 Dungeon seed: qZimwQMUMoqSyU0W Game ID: elenmirie_1464711996 Your Inventory: Coins $ - 653 gold pieces Weapons a - a blessed +1 club (weapon in hand) b - a +2 sling (alternate weapon; not wielded) v - a +0 elven dagger Armor y - a blessed +3 elven mithril-coat (being worn) Comestibles d - 3 uncursed food rations g - an uncursed fortune cookie z - an uncursed eucalyptus leaf Scrolls k - an uncursed scroll of create monster p - an uncursed scroll of enchant weapon u - an uncursed scroll of identify Potions f - an uncursed potion of booze o - an uncursed potion of water w - an uncursed potion of levitation A - an uncursed potion of sleeping Rings r - a cursed ring of teleport control Tools e - an uncursed lock pick t - an uncursed tin whistle x - an uncursed skeleton key Gems m - 14 uncursed flint stones (in quiver) n - 27 uncursed rocks Spells and supernatural/magical abilities: Name Level Category Fail Memory W - pray for help -- divine ? -- Your skills at the end: Fighting Skills bare handed combat [Basic] Weapon Skills club [Basic] sling [Basic] Spellcasting Skills Final Attributes: You were piously aligned. You had infravision. You are dead. Vanquished creatures: an orc mummy a rothe a wererat a gas spore 2 hobbits 2 hobgoblins a giant rat a green mold 3 geckos 9 jackals 5 foxes 2 kobolds 3 sewer rats 6 grid bugs 2 bats 6 lichens 2 kobold zombies 3 newts 51 creatures vanquished. Voluntary challenges: You were an atheist. You used a wielded weapon 39 times, starting on turn 23. You were illiterate. You never genocided any monsters. You never polymorphed an object. You never changed form. You used no wishes. You never split a pudding. You never wrote Elbereth's name. You never violated your personal moral code. Dungeon overview: The Dungeons of Doom: levels 1 to 4 Level 1 a long staircase Level 2 Level 3 a fountain Level 4 stairs to The Gnomish Mines The Gnomish Mines: levels 5 to 7 Level 5 stairs to The Dungeons of Doom Level 6 Level 7 <- You were here History has recorded: On T:1 you entered the Dungeons of Doom to retrieve the Amulet of Yendor! On T:291 you advanced to experience level 2. On T:629 you reached level 2 of The Dungeons of Doom. On T:811 you advanced to experience level 3. On T:932 you reached level 3 of The Dungeons of Doom. On T:1244 you reached level 4 of The Dungeons of Doom. On T:1529 you reached level 1 of The Gnomish Mines. On T:1677 you reached level 2 of The Gnomish Mines. On T:1688 you advanced to experience level 4. On T:1824 you reached level 3 of The Gnomish Mines. Score breakdown: Gold: 653 ( 9577 points) Experience: 4 levels ( 9649 points) Exploration: 7 levels ( 13.73%) (10392 points) Discoveries: 1 item ( 0.33%) ( 1726 points) Valuables value: (no points given unless you survive) Artifact value: 0 ( 0 points) Variety of kills: 18 monsters ( 4.70%) ( 6503 points) Turncount: 1872 turns ( 0 points) Survival: died (score multiplied by 80%) Total score: 30277 Latest messages: You hit the rothe! The orc mummy misses. The rothe hits! The rothe bites! The rothe misses. You kill the rothe! The orc mummy hits! You see here a rothe corpse. You hit the orc mummy! You destroy the orc mummy! You see here a mummy wrapping. The white unicorn butts! The white unicorn kicks! You hit the white unicorn! The white unicorn misses. The white unicorn kicks! The white unicorn butts! The white unicorn kicks! You miss the white unicorn. The white unicorn butts! You die... For some reason, you think that you can almost hear the Wizard laugh manically... Final status: Goodbye elenmirie the Cavewoman, killed by a white unicorn... You died in The Gnomish Mines on dungeon level 7 with 30277 points, and 653 pieces of gold, after 1872 moves. You were level 4 with a maximum of 42 hit points when you died.